 Dungeon Crawl Stone Soup version 0.20.1-1-g8b1a95d (webtiles) character file.

55385 SedStubbie the Fighter (level 14, -1/108 HPs)
             Began as an Octopode Gladiator on Dec 5, 2017.
             Was the Champion of Makhleb.
             Splashed by an oklob plant's acid (16 damage)
             ... on level 5 of the Lair of Beasts on Dec 6, 2017.
             The game lasted 01:29:56 (23338 turns).

SedStubbie the Fighter (Octopode Gladiator)        Turns: 23338, Time: 01:29:57

Health: -1/108     AC: -5    Str: 16    XL:     14   Next: 77%
Magic:  28/28      EV: 27    Int: 11    God:    Makhleb [******]
Gold:   858        SH:  0    Dex: 16    Spells: 13/13 levels left

rFire    . . .     SeeInvis .   a - +10 morningstar "Eos" {elec, Halo rElec}
rCold    . . .     Gourm    .   (no shield)
rNeg     + . .     Faith    .   S - +0 hat
rPois    +         Spirit   .   r - amulet of regeneration
rElec    +         Reflect  .   x - ring of stealth
rCorr    .         Harm     .   s - ring of positive energy
MR       +++..     Clarity  +   C - ring "Pylea" {rPois MP+9}
Stlth    ++........             y - +3 ring of slaying
Regen    0.7/turn               m - ring of protection from magic
MPRegen  0.3/turn               u - +3 ring of evasion
                                V - ring "Sosikeun" {MR+ Str+3}
                                (no ring)

@: corroded, glowing
A: almost no armour, stealthy swim, amphibious, 8 rings, constrict 8, thin
metallic scales 1, camouflage 1, clarity, clumsy 1, gelatinous body 1
a: Minor Destruction, Lesser Servant of Makhleb, Major Destruction, Greater
Servant of Makhleb, Renounce Religion


You were on level 5 of the Lair of Beasts.
You worshipped Makhleb.
Makhleb was exalted by your worship.
You were hungry.

You visited 2 branches of the dungeon, and saw 19 of its levels.
You also visited: Labyrinth.

You collected 1108 gold pieces.
You spent 250 gold pieces at shops.

Inventory:

Hand Weapons
 a - the +10 morningstar "Eos" (weapon) {elec, Halo rElec}
   (You found it on level 8 of the Dungeon)

   Occasionally, upon striking a foe, it will discharge some electrical energy
   and cause terrible harm.
   It insulates you from electricity.
 b - a +1 shortbow of freezing
 X - the +8 long sword "Micekhli" {slice, +Inv Int-2 Dex+7}
   (You found it on level 5 of the Lair of Beasts)

   It inflicts extra damage upon your enemies.
   It affects your intelligence (-2).
   It affects your dexterity (+7).
   It lets you turn invisible.
Missiles
 P - 364 arrows
 Z - 4 throwing nets (quivered)
Armour
 S - a +0 hat (worn)
Jewellery
 g - an uncursed amulet of guardian spirit
 h - an uncursed ring of fire
 l - an uncursed ring of flight
 m - a ring of protection from magic (on tentacle)
 r - an amulet of regeneration (around mantle)
 s - a ring of positive energy (right tentacle)
 u - a +3 ring of evasion (on tentacle)
 x - a ring of stealth (left tentacle)
 y - a +3 ring of slaying (on tentacle)
 B - an uncursed amulet of rage
 C - the ring "Pylea" (on tentacle) {rPois MP+9}
   (You acquired it on level 8 of the Dungeon)

   [ring of magical power]

   It protects you from poison.
   It affects your magic capacity (+9).
 V - the ring "Sosikeun" (on tentacle) {MR+ Str+3}
   (You found it in a labyrinth)

   [ring of protection from magic]

   It affects your strength (+3).
   It affects your resistance to hostile enchantments.
Wands
 v - a wand of iceblast (5/15)
 D - a wand of digging (0/24)
 Y - a wand of digging (0/24)
Scrolls
 c - 2 scrolls of recharging
 i - a scroll of summoning
 j - a scroll of enchant weapon
 M - 6 scrolls of magic mapping
 N - 6 scrolls of remove curse
 R - 8 scrolls of identify
 T - 4 scrolls of teleportation
 W - 6 scrolls of fog
Potions
 f - 2 potions of haste
 k - a potion of cancellation
 o - 3 potions of lignification
 q - 2 potions of heal wounds
 w - 3 potions of brilliance
 E - a potion of magic
 F - a potion of berserk rage
 H - a potion of resistance
 J - 2 potions of ambrosia
 O - 2 potions of invisibility
 Q - 9 potions of curing
Comestibles
 d - 11 bread rations
 e - 2 royal jellies
 z - 10 meat rations
 G - 30 fruits


   Skills:
 + Level 14.0 Fighting
 + Level 12.9(13.4) Maces & Flails
   Level 6.3(10.5) Staves
 - Level 2.0 Throwing
 + Level 14.0 Dodging
 - Level 3.6 Stealth
 + Level 7.2 Invocations


You had 13 spell levels left.
You didn't know any spells.

Dungeon Overview and Level Annotations

Branches:
Dungeon (14/15)              Lair (5/6) D:8          Shoals (0/4) Lair:4
 Spider (0/4) Lair:3        Slime (0/5) Lair:5          Orc (0/2) D:9
 Temple: D:4-7       Vaults: D:13-14

Altars:
Ashenzari
Elyvilon
Fedhas
Gozag
Hepliaklqana
Kikubaaqudgha
Makhleb
Nemelex Xobeh
Okawaru
Vehumet
The Shining One

Shops:
D:10 }   D:12 =

Annotations:
D:4 Eustachio; pstr's ghost, amateur NaVM
D:13 soepske's ghost, journeyman FoFi
Lair:2 exclusion: oklob plant
Lair:5 exclusion: 2 oklob plants


Innate Abilities, Weirdness & Mutations

You cannot wear most types of armour.
You are very stealthy in the water. (Stealth+)
You are amphibious.
You can wear up to eight rings at the same time.
You can use your tentacles to constrict eight enemies at once.
Your skin changes colour to match your surroundings (Stealth+).
Your rubbery body absorbs attacks. (AC +1, EV +1)
You are partially covered in thin metallic scales. (AC +2)
You possess an exceptional clarity of mind.
You are clumsy. (Dex -2)


Message History

The splash of acid hits you! The acid corrodes you!
You are splashed with acid!
The acid burns!
* * * LOW HITPOINT WARNING * * *
The oklob plant spits acid at you. The splash of acid hits you!
* * * LOW HITPOINT WARNING * * *
The acid corrodes you!
You are splashed with acid!
The acid burns!
* * * LOW HITPOINT WARNING * * *
You feel much better.
You constrict the oklob plant, but do no damage.
As you read the scroll of summoning, it crumbles to dust.
Wisps of shadow whirl around you...
You constrict the oklob plant. The oklob plant spits acid at you.
The splash of acid hits your yak.
Your yak is splashed with acid.
The acid corrodes your yak! The oklob plant spits acid at you.
The splash of acid hits you!
* * * LOW HITPOINT WARNING * * *
You are splashed with acid!
The acid burns!
You die...

.......................#####....#
............#...P..###.##.#..#...
..........##.#.....###...##......
.....#......#.#.....##...#.#.....
P....##....P.........##.##......#
#....##.......#PPPPP###....##...#
#....##......##P$...##....####...
##....##.....##|YY$$###..## #..#P
#.............#.@P.Y##..######...
#............hhH!.![##.....##..#P
###..#.##.....#Yh.%.##.....##.#..
##..#####...h###h#####....#####..
#.#.# ###### ##.# ##...# ###
##### #.# ###.# #. ## ### ##


You could see 2 oklob plants, a friendly hippogriff, 4 friendly yaks and 5
friendly wolves.

Vanquished Creatures
  Azrael (D:13)
  A minotaur (Lab)
  Josephine (D:14)
  5 hydras
  A centaur warrior (D:14)
  An ogre mage (D:14)
  4 death yaks
  5 two-headed ogres
  A sea snake (shapeshifter) (D:13)
  2 unseen horrors
  A necromancer (D:12)
  An orc knight (D:13)
  A wolf spider zombie (D:14)
  5 deep elf magi
  2 oklob plants (Lair:5)
  2 ugly things
  4 elephants (Lair:5)
  2 black mambas
  8 spiny frogs
  A gargoyle (D:11)
  A kobold demonologist (D:11)
  3 komodo dragons
  A jumping spider (shapeshifter) (D:14)
  A troll (D:12)
  6 hippogriffs
  6 slime creatures
  10 blink frogs
  4 redbacks
  4 fire bats (Lair:4)
  4 wyverns
  5 fire elementals
  50 yaks
  7 wraiths
  2 basilisks (Lair:3)
  2 hungry ghosts
  2 hell hounds (D:14)
  An acid dragon (D:11)
  8 water moccasins
  12 porcupines
  2 black bears
  11 orc warriors
  2 ice beasts
  4 sky beasts
  11 ogres
  8 wolves
  6 phantoms
  3 necrophages
  10 centaurs
  6 crocodiles
  3 big kobolds
  20 bullfrogs
  5 scorpions
  A wyvern skeleton (D:10)
  3 killer bees (D:11)
  8 wights
  4 howler monkeys
  An electric eel (Lair:4)
  5 crimson imps
  A centaur zombie (D:11)
  9 hounds
  3 quasits
  4 bullfrog zombies
  7 orc priests
  3 bullfrog skeletons
  11 jellies
  4 centaur skeletons
  5 iguanas
  11 orc wizards
  3 hell rats (D:8)
  6 worker ants
  A hound skeleton (D:6)
  A mummy (D:7)
  A howler monkey zombie (D:11)
  8 gnolls
  13 adders
  3 shadow imps
  An ooze (Lair:5)
  An adder skeleton (D:4)
  A dart slug (D:1)
  5 leopard geckos
  72 orcs
  A ball python (D:1)
  6 giant cockroaches
  8 goblins
  7 hobgoblins
  3 jackals (D:2)
  13 quokkas
  11 bats
  5 frilled lizards
  19 kobolds
  8 rats
  A plant (Lair:5)
547 creatures vanquished.

Vanquished Creatures (collateral kills)
  Rupert (Lair:5)
  A hydra (D:12)
  A komodo dragon (Lair:5)
  A water moccasin (Lair:5)
4 creatures vanquished.

Vanquished Creatures (others)
  An orc (D:11)
  2 fungi
  2 plants (Lair:4)
5 creatures vanquished.

Grand Total: 556 creatures vanquished

Notes
Turn   | Place    | Note
-------+----------+-------------------------------------------
     0 | D:1      | SedStubbie the Octopode Gladiator began the quest for the Orb.
     0 | D:1      | Reached XP level 1. HP: 14/14 MP: 1/1
   109 | D:1      | Reached XP level 2. HP: 19/19 MP: 2/2
   705 | D:2      | Reached XP level 3. HP: 24/25 MP: 3/3
  1215 | D:2      | Reached XP level 4. HP: 30/30 MP: 4/4
  1259 | D:2      | Reached skill level 3 in Fighting
  1362 | D:2      | Found a white marble altar of Elyvilon.
  1615 | D:3      | Found a hazy altar of Hepliaklqana.
  1616 | D:3      | Found an iron altar of Okawaru.
  1616 | D:3      | Found a blossoming altar of Fedhas.
  1684 | D:3      | Found an opulent altar of Gozag.
  2053 | D:3      | Reached XP level 5. HP: 36/36 MP: 5/5
  3295 | D:2      | Gained mutation: You are clumsy. (Dex -2) [potion of mutation]
  3295 | D:2      | Gained mutation: You possess an exceptional clarity of mind. [potion of mutation]
  3295 | D:2      | Gained mutation: You are partially covered in thin metallic scales. (AC +2) [potion of mutation]
  3397 | D:4      | Noticed Eustachio
  3408 | D:4      | Found a sparkling altar of Nemelex Xobeh.
  3416 | D:4      | Noticed pstr's ghost (amateur NaVM)
  3473 | D:5      | Entered Level 5 of the Dungeon
  3473 | D:5      | Noticed an ogre
  3482 | D:5      | Killed an ogre
  3482 | D:5      | Reached skill level 1 in Stealth
  3482 | D:5      | Reached XP level 6. HP: 30/43 MP: 6/6
  3928 | D:5      | Noticed a sky beast
  3957 | D:4      | HP: 1/43 [something (6)]
  4132 | D:4      | Noticed a phantom
  4282 | D:5      | Noticed a phantom
  4292 | D:5      | Killed a phantom
  4292 | D:5      | Reached XP level 7. HP: 44/48 MP: 7/7
  4358 | D:6      | Reached skill level 3 in Stealth
  4444 | D:6      | Found a burning altar of Makhleb.
  4444 | D:6      | Found a radiant altar of Vehumet.
  4455 | D:6      | Became a worshipper of Makhleb the Destroyer
  4487 | D:6      | Found a glowing golden altar of the Shining One.
  4698 | D:6      | Reached skill level 1 in Invocations
  4702 | D:6      | Reached XP level 8. HP: 6/55 MP: 7/9
  5945 | D:6      | Reached skill level 6 in Staves
  6016 | D:7      | Reached skill level 3 in Invocations
  6131 | D:7      | Reached skill level 6 in Dodging
  6354 | D:7      | Reached * piety under Makhleb
  6372 | D:7      | Found a sand-covered staircase.
  7108 | D:8      | Reached skill level 1 in Maces & Flails
  7109 | D:8      | Noticed a death yak
  7109 | D:8      | Noticed a death yak
  7183 | D:8      | Reached skill level 6 in Fighting
  7183 | D:8      | Reached XP level 9. HP: 62/62 MP: 11/11
  7491 | D:8      | Noticed a two-headed ogre
  7557 | D:7      | Reached skill level 3 in Maces & Flails
  7960 | D:8      | Killed a two-headed ogre
  8003 | D:8      | Found a staircase to the Lair.
  8025 | D:8      | Identified a scroll of acquirement
  8026 | D:8      | Got a translucent ivory ring
  8027 | D:8      | Identified the ring "Pylea" {rPois MP+9} (You acquired it on level 8 of the Dungeon)
  8071 | Lair:1   | Entered Level 1 of the Lair of Beasts
  8101 | Lair:1   | Reached XP level 10. HP: 72/72 MP: 12/12
  8258 | D:8      | Reached ** piety under Makhleb
  8403 | Lair:1   | Noticed a four-headed hydra
  8408 | Lair:1   | Noticed a black mamba
  8420 | D:8      | Killed a black mamba
  8643 | D:8      | Noticed a death yak
  9003 | D:9      | Found a staircase to the Orcish Mines.
  9494 | D:9      | Reached skill level 6 in Maces & Flails
  9941 | D:9      | HP: 3/73 [komodo dragon (28)]
 10056 | D:8      | Reached skill level 9 in Dodging
 10306 | D:10     | Entered Level 10 of the Dungeon
 10430 | D:9      | Reached skill level 9 in Fighting
 10525 | D:10     | Reached *** piety under Makhleb
 10721 | D:10     | Identified the Collected Works on Boosting Evil Secrets
 10919 | D:10     | Found Coimets's Gadget Emporium.
 11064 | D:11     | Reached XP level 11. HP: 80/80 MP: 13/13
 11272 | D:11     | Noticed a two-headed ogre
 11455 | D:12     | Reached **** piety under Makhleb
 11456 | D:12     | Noticed an eight-headed hydra
 11463 | D:12     | Killed an eight-headed hydra
 11691 | D:12     | Noticed a two-headed ogre
 11700 | D:12     | Killed a two-headed ogre
 11928 | D:12     | Noticed a deep elf mage
 11932 | D:12     | Killed a deep elf mage
 12177 | D:12     | Found Laulot's Jewellery Emporium.
 12184 | D:12     | Bought an uncursed ring of protection from magic for 250 gold pieces
 12221 | D:12     | Noticed a necromancer
 12230 | D:12     | Killed a necromancer
 12617 | D:13     | Noticed soepske's ghost (journeyman FoFi)
 13198 | D:12     | Noticed a purple ugly thing
 13405 | D:13     | Noticed a sea snake
 13433 | D:13     | Killed a sea snake
 13433 | D:13     | Reached skill level 9 in Maces & Flails
 13550 | D:11     | Noticed a green ugly thing
 13553 | D:11     | Noticed an unseen horror
 13553 | D:11     | Noticed a five-headed hydra
 13849 | D:11     | Reached XP level 12. HP: 84/89 MP: 14/14
 13885 | D:11     | Killed a two-headed ogre
 14055 | D:11     | Killed a five-headed hydra
 14564 | D:14     | Noticed Josephine
 14564 | D:14     | Noticed Azrael
 14602 | D:14     | Found a labyrinth entrance.
 14616 | Lab      | Entered a labyrinth
 16827 | Lab      | Noticed a minotaur
 16832 | Lab      | Killed a minotaur
 16833 | Lab      | Identified Sif Muna's Collected Works on Supportive Stones
 16833 | Lab      | Identified the Incunabulum of Quantum Unholy Rituals
 16847 | Lab      | Got a brightly glowing demon blade
 16847 | Lab      | Got a wavering brass ring
 16848 | Lab      | Identified the ring "Sosikeun" {MR+ Str+3} (You found it in a labyrinth)
 16849 | Lab      | Identified the +7 demon blade "Blob" {venom, rC+ Stlth+} (You found it in a labyrinth)
 16960 | D:14     | Reached skill level 12 in Dodging
 16971 | D:14     | Reached skill level 12 in Fighting
 17189 | D:13     | Killed Azrael
 17331 | D:14     | Killed Josephine
 17331 | D:14     | Reached XP level 13. HP: 91/97 MP: 15/15
 18306 | D:8      | Found an ancient bone altar of Kikubaaqudgha.
 18469 | D:8      | Found a shattered altar of Ashenzari.
 18640 | D:8      | Reached ***** piety under Makhleb
 19610 | Lair:2   | Reached skill level 12 in Maces & Flails
 19730 | Lair:2   | Found a blossoming altar of Fedhas.
 20576 | Lair:3   | Reached XP level 14. HP: 106/106 MP: 17/17
 20693 | Lair:3   | Found a hole to the Spider Nest.
 21551 | Lair:4   | Reached ****** piety under Makhleb
 21820 | Lair:4   | Found a staircase to the Shoals.
 21905 | Lair:4   | Reached skill level 6 in Invocations
 22458 | Lair:5   | Got an encrusted long sword
 22459 | Lair:5   | Identified the +8 long sword "Micekhli" {slice, +Inv Int-2 Dex+7} (You found it on level 5 of the Lair of Beasts)
 22611 | Lair:5   | Noticed Rupert
 22642 | Lair:5   | Killed Rupert
 22796 | Lair:5   | Found a staircase to the Slime Pits.
 23336 | Lair:5   | HP: 2/108 [acid (13)]
 23338 | Lair:5   | Splashed by an oklob plant's acid

Skill      XL: |  1  2  3  4  5  6  7  8  9 10 11 12 13 14 |
---------------+-------------------------------------------+-----
Fighting       | 3 4 5 6 7 9 10 12 13 14 | 14.0
Staves         | 4 5 6 |  6.3
Dodging        | 4 5 6 8 9 10 12 13 14 | 14.0
Stealth        | 1 2 3 |  3.6
Invocations    | 1 3 4 7 |  7.2
Maces & Flails | 1 4 7 9 10 12 | 12.9
Throwing       | |  2.0

Action                   |  1- 3 |  4- 6 |  7- 9 | 10-12 | 13-15 || total
-------------------------+-------+-------+-------+-------+-------++-------
Melee: Quarterstaff      |    49 |   116 |   108 |       |       ||   273
       Constrict         |    16 |    22 |    32 |    41 |    52 ||   163
       Tentacles         |     9 |    18 |    40 |    67 |    89 ||   223
       Morningstar       |       |       |    49 |   411 |   447 ||   907
 Fire: Shortbow          |       |       |    28 |    13 |       ||    41
Throw: Throwing net      |       |     4 |       |       |       ||     4
Invok: Minor Destruction |       |       |       |    10 |    20 ||    30
       Lesser Servant of |       |       |       |     1 |     4 ||     5
Evoke: Wand              |       |       |     4 |    12 |     1 ||    17
  Use: Scroll            |       |     8 |     4 |    23 |     6 ||    41
       Potion            |       |     4 |       |     2 |     1 ||     7
 Stab: Sleeping          |     6 |    10 |    10 |     8 |     8 ||    42
       Held in net/web   |       |     1 |       |       |       ||     1
       Distracted        |       |     1 |       |     2 |     1 ||     4
  Eat: Chunk             |     1 |     8 |    11 |     5 |    16 ||    41
       Royal jelly       |       |       |     1 |     5 |     1 ||     7
       Fruit             |       |       |       |     2 |       ||     2
       Meat ration       |       |       |       |     3 |       ||     3
Armor: Skin              |     2 |    10 |    13 |    33 |    11 ||    69
Dodge: Dodged            |    17 |    70 |   106 |   372 |   431 ||   996
